cohdb
Replays
Latest Replays
All Replays
Popular Replays
Top Player Replays
Match Explorer
How It Works
Community
CoH3 Stats
Reddit
Sign in to upload your games and track your stats! →
Sign in with Steam
Match 43213053
Unlisted
Match 43213053
Overview
Messages
Build Orders
End
Kradschützen Motorcycle Team
Selects Italian Combined Arms Battlegroup
Selects Bersaglieri Squad
Bersaglieri Squad
Bersaglieri Squad
Construct Light Support Kompanie
Bersaglieri Squad
Selects Bersaglieri Bolster
Fire Support Elements
Flakvierling Half-track
Pak 38 Mechanized Group
Selects Breda Model 30 Light Machine Guns
Construct Panzerarmee Kommand
Pak 38 Anti-tank Gun Team
Emergency Repair Kits
Panzer III L Medium Tank
Selects Semovente da 75/18 Assault Gun
Selects Strafing Run
Walking Stuka Rocket Launcher
Bersaglieri Squad
Selects Pact of Steel
Walking Stuka Rocket Launcher
MG34 Team
Flak 36 Anti-tank Gun Team
Panzerpioneer Squad
Panzer III L Medium Tank
Bersaglieri Squad
Armored Reserves
Tiger Heavy Tank
Flakvierling Half-track
MrGlaucus
Discoverer
BALCK_9
CatUnderHelmet
0
0
Comments
sign in to comment!
No comments posted yet!